 Dungeon Crawl Stone Soup version 0.31-a0-1074-g0b22e4e0f1 (webtiles) character file.

Game seed: 6008267717243924157

22 grandjackal the Trooper (level 2, 0/31 HPs)
             Began as an Ogre Warper on Nov 29, 2023.
             Succumbed to an adder's poison
             ... on level 2 of the Dungeon.
             The game lasted 00:00:49 (946 turns).

grandjackal the Trooper (Ogre Warper)                Turns: 946, Time: 00:00:50

Health: 0/31       AC:  3    Str: 14    XL:     2   Next: 91%
Magic:  5/5        EV:  9    Int: 14    God:
Gold:   30         SH:  0    Dex:  8    Spells: 4/6 levels left

rFire   . . .        a - +0 mace
rCold   . . .        (no shield)
rNeg    . . .        b - +0 robe
rPois   .            (helmet restricted)
rElec   .            (no cloak)
rCorr   .            (gloves unavailable)
SInv    .            (boots unavailable)
Will    .....        (no amulet)
Stlth   +            (no ring)
HPRegen 0.25/turn    (no ring)
MPRegen 0.09/turn

%: no passive effects
@: lethally poisoned (0 -> -4)
A: large, unfitting armour, tough skin 1
a: no special abilities


You were on level 2 of the Dungeon.
You visited 1 branch of the dungeon, and saw 2 of its levels.

You collected 30 gold pieces.

Inventory:

Hand Weapons
 a - a +0 mace (weapon)
Missiles
 d - 7 darts of dispersal (quivered)
Armour
 b - a +0 robe (worn)
Scrolls
 c - a scroll of blinking
 e - a scroll of silence {unknown}
 f - 2 scrolls of identify {unknown}


   Skills:
 + Level 3.3 Fighting
 - Level 2.0 Maces & Flails
 - Level 1.0 Throwing
 - Level 2.1 Dodging
 + Level 2.9 Spellcasting
 + Level 3.0 Translocations


You had 4 spell levels left.
You knew the following spells:

 Your Spells              Type           Power      Damage    Failure   Level
a - Blink                 Tloc           20%        N/A       10%         2

Your spell library contained the following spells:

 Spells                   Type           Power      Damage    Failure   Level
 Lesser Beckoning         Tloc           20%        N/A       10%         2
 Teleport Other           Tloc           10%        N/A       19%         3
 Manifold Assault         Tloc           10%        N/A       52%         4
 Vhi's Electric Charge    Tloc/Air       12%        N/A       75%         4


Dungeon Overview and Level Annotations

Branches:
Dungeon (2/15)

Altars:


Innate Abilities, Weirdness & Mutations

You are too large for most types of armour.
You have tough skin. (AC +1)


Message History

You miss the adder.
The adder is moderately wounded.
You feel sick. The adder barely misses you.
You closely miss the adder.
The adder is moderately wounded.
You feel sick. The adder bites you. x2
You closely miss the adder.
The adder is moderately wounded.
You feel sick. The adder barely misses you. The adder bites you.
You are more poisoned.
The adder poisons you!
You miss the adder.
The adder is moderately wounded.
You feel sick. The adder bites you but does no damage.
You closely miss the adder.
The adder is moderately wounded.
You feel sick. The adder bites you but does no damage. The adder misses you.
You thump the adder!
The adder is almost dead.
You feel sick. The adder bites you but does no damage.
The adder closely misses you.
You closely miss the adder.
The adder is almost dead.
You feel sick. The adder bites you.
You hit the adder but do no damage.
The adder is almost dead.
You feel sick.
You are no longer poisoned.
The adder bites you but does no damage. The adder barely misses you.
You closely miss the adder.
The adder is almost dead.
The adder bites you.
* * * LOW HITPOINT WARNING * * *
You are lethally poisoned!
The adder poisons you! The adder bites you.
* * * LOW HITPOINT WARNING * * *
You aren't carrying any potions.
You closely miss the adder.
The adder is almost dead.
You die...

#
.##########.#
............##
#.@S....#
######'#####.#
#.........#
#.........#
#.........#
#.........##
######.....#
#.###.# ###
#.#


You could see an adder.

Vanquished Creatures
  3 bats (D:1)
  2 endoplasms (D:1)
  A giant cockroach (D:1)
  2 goblins (D:1)
  3 hobgoblins (D:1)
  2 quokkas (D:1)
  2 ball pythons (D:1)
  A frilled lizard (D:1)
  4 kobolds (D:1)
20 creatures vanquished.

Notes
Turn   | Place    | Note
-------+----------+-------------------------------------------
     0 | D:1      | grandjackal the Ogre Warper began the quest for the Orb.
     0 | D:1      | Reached XP level 1. HP: 22/22 MP: 3/3
   196 | D:1      | Reached XP level 2. HP: 29/29 MP: 5/5
   201 | D:1      | Learned a level 2 spell: Blink
   946 | D:2      | Succumbed to an adder's poison

Illustrated notes

Levels and vault maps discovered:
D:1:      dpeg_arrival_water_fire, layout_basic, minmay_tetromino_l2
D:2:      layout_basic, serial_aquarium, aquarium_bridge_straight
          [aquarium_subvault_bridge, aquarium_subvault_window,
          aquarium_subvault_bridge, aquarium_subvault_wall],
          aquarium_window_fake, aquarium_window_corridor_3,
          aquarium_window_double, aquarium_view_2b, aquarium_view_2a,
          aquarium_pool_double

Skill      XL: |  1  2 |
---------------+-------+-----
Fighting       | 3 |  3.3
Maces & Flails | 2 |  2.0
Translocations | 3 |  3.0
Throwing       | |  1.0
Dodging        | |  2.1
Spellcasting   | |  2.9

Action                     || total
---------------------------++-------
  Melee: Mace              ||    84
 Armour: Robe              ||    76
  Dodge: Dodged            ||    50

Table legend: (Time is in decaauts)
 A = Elapsed time spent in this place.
 B = Non-inter-level travel time spent in this place.
 C = Inter-level travel time spent in this place.
 D = Time resting spent in this place.
 E = Time spent auto-exploring this place.
 F = Levels seen in this place.
 G = Mean time per level.
                   A        B        C        D        E       F      G
               +--------+--------+--------+--------+--------+-----+--------+
         Total |    970 |    953 |     17 |     54 |    718 |   2 |  485.0 |
       Dungeon |    970 |    953 |     17 |     54 |    718 |   2 |  485.0 |
               +--------+--------+--------+--------+--------+-----+--------+

Top non-repeatable levels by time:
     D:1: 937 daAuts
     D:2: 33 daAuts
